 Dungeon Crawl Stone Soup version 0.20.0-10-g0535bb4 (webtiles) character file.

53 greprep the Covered (level 3, -9/33 HPs)
             Began as a Minotaur Fighter on June 7, 2017.
             Mangled by Sigmund
             ... wielding a +0 scythe
              (11 damage)
             ... on level 2 of the Dungeon.
             The game lasted 00:02:40 (1036 turns).

greprep the Covered (Minotaur Fighter)              Turns: 1036, Time: 00:02:40

Health: -9/33      AC:  7    Str: 21    XL:     3   Next: 62%
Magic:  2/2        EV:  8    Int:  5    God:
Gold:   97         SH:  0    Dex:  9    Spells: 2/2 levels left

rFire    . . .     SeeInvis .   a - +0 long sword
rCold    . . .     Gourm    .   c - +0 shield
rNeg     . . .     Faith    .   b - +0 scale mail
rPois    .         Spirit   .   (helmet restricted)
rElec    .         Reflect  .   (no cloak)
rCorr    .         Harm     .   (no gloves)
MR       .....                  (no boots)
Stlth    ..........             (no amulet)
Regen    0.2/turn               (no ring)
MPRegen  0.1/turn               (no ring)

@: confused
A: retaliatory headbutt, horns 2
a: no special abilities


You were on level 2 of the Dungeon.
You were hungry.

You visited 1 branch of the dungeon, and saw 2 of its levels.

You collected 97 gold pieces.

Inventory:

Hand Weapons
 a - a +0 long sword (weapon)
Armour
 b - a +0 scale mail (worn)
 c - a +0 shield (worn)
Jewellery
 o - an uncursed ring of ice {unknown}
Scrolls
 e - a scroll of fear {unknown}
 h - a scroll of teleportation {unknown}
 k - 3 scrolls of identify {unknown}
 l - a scroll of remove curse {unknown}
 m - 2 scrolls of enchant armour {unknown}
Potions
 d - a potion of might
 g - a potion of heal wounds {unknown}
 i - a potion of degeneration {unknown}
 n - a potion of flight {unknown}
Comestibles
 f - a bread ration
 j - 6 fruits


   Skills:
 + Level 3.9 Fighting
 * Level 3.2 Long Blades
 + Level 4.2 Armour
 * Level 1.0 Dodging
 + Level 4.1 Shields


You had 2 spell levels left.
You didn't know any spells.

Dungeon Overview and Level Annotations

Branches:
Dungeon (2/15)

Altars:
Nemelex Xobeh
Xom

Annotations:
D:2 1 transporter, Sigmund


Innate Abilities, Weirdness & Mutations

You reflexively headbutt those who attack you in melee.
You have a pair of horns on your head.


Message History

Something hits you but does no damage.
You miss something. Your headbutt misses something. Something hits you.
You closely miss something. Something hits you!
You hit something. You block something's attack.
You closely miss something. Something hits you.
You closely miss something. Something hits you!
* * * LOW HITPOINT WARNING * * *
You miss something. You block something's attack.
Okay, then.
You hear some strange, mumbled words.
You are confused.
You bump into the translucent stone wall.
You bump into the translucent stone wall.
Something hits you but does no damage.
You're too confused to move!
Something hits you.
* * * LOW HITPOINT WARNING * * *
You feel less confused.
You are confused.
Something hits you!
You die...

.#.###...######.
#.# ##.## #.# #)#
#.####.# #......##
#.....†.# #.......#
#.......#
####...@...#
#.......##.####
#..............#
...#########{.#.# #
..##....rSZ##.#.#.#
#.#8.##.##Z8#.....#
#[#.. #.##)$#.#.###
.[#.. ....(.#...).
©# .....$_#...##.#


You could see an adder, an adder zombie, a quokka and a hound skeleton.

Vanquished Creatures
  A gnoll (D:1)
  A dart slug (D:2)
  3 leopard geckos
  6 bats
  A giant cockroach (D:1)
  3 goblins (D:1)
  7 hobgoblins
  3 jackals (D:2)
  6 kobolds
  A frilled lizard (D:1)
  2 rats
34 creatures vanquished.

Notes
Turn   | Place    | Note
-------+----------+-------------------------------------------
     0 | D:1      | greprep the Minotaur Fighter began the quest for the Orb.
     0 | D:1      | Reached XP level 1. HP: 19/19 MP: 0/0
   238 | D:1      | Reached XP level 2. HP: 27/27 MP: 1/1
   456 | D:1      | Reached XP level 3. HP: 33/33 MP: 2/2
   968 | D:2      | Found a shimmering altar of Xom.
   981 | D:2      | Reached skill level 1 in Dodging
  1003 | D:2      | Found a sparkling altar of Nemelex Xobeh.
  1003 | D:2      | Found a transporter.
  1014 | D:2      | Noticed Sigmund
  1028 | D:2      | HP: 1/33 [something (5)]
  1036 | D:2      | Mangled by Sigmund

Skill      XL: |  1  2  3 |
---------------+----------+-----
Shields        | 4 |  4.1
Armour         | 4 |  4.2
Long Blades    | 3 |  3.2
Dodging        | 1 |  1.0
Fighting       | |  3.9

Action                   || total
-------------------------++-------
Melee: Long sword        ||    94
       Headbutt          ||     8
Armor: Scale mail        ||    35
Dodge: Dodged            ||    33
Block: Shield            ||    46
       Rpst.: Long sword ||    13
